 Dungeon Crawl Stone Soup version 0.29.0-4-gdea44cf6ec (webtiles) character file.

Game seed: 12183456956740156228

91 greasedhog the Trooper (level 4, -2/30 HPs)
             Began as a Gargoyle Fighter on Aug 27, 2022.
             Slain by Terence
             ... wielding a +0 hand axe
              (3 damage)
             ... on level 2 of the Dungeon.
             The game lasted 00:02:32 (1923 turns).

greasedhog the Trooper (Gargoyle Fighter)           Turns: 1923, Time: 00:02:33

Health: -2/30      AC: 10    Str: 21    XL:     4   Next: 59%
Magic:  4/4        EV:  9    Int:  9    God:
Gold:   22         SH:  4    Dex:  9    Spells: 3/3 levels left

rFire   . . .      SeeInvis .   a - +0 flail
rCold   . . .      Faith    .   c - +0 buckler
rNeg    + . .      Spirit   .   b - +0 scale mail
rPois   ∞          Reflect  .   (no helmet)
rElec   +          Harm     .   (no cloak)
rCorr   .          Rampage  .   (no gloves)
Will    .....                   (no boots)
Stlth   ..........              (no amulet)
HPRegen 0.10/turn               (no ring)
MPRegen 0.09/turn               (no ring)

@: no status effects
A: sickness immunity, AC +3, negative energy resistance 1, electricity
resistance, torment resistance 1, petrification resistance
a: no special abilities


You were on level 2 of the Dungeon.
You visited 1 branch of the dungeon, and saw 2 of its levels.

You collected 44 gold pieces.
You spent 22 gold pieces at shops.

Inventory:

Hand Weapons
 a - a +0 flail (weapon)
Missiles
 g - 6 atropa-tipped darts (quivered)
Armour
 b - a +0 scale mail (worn)
 c - a +0 buckler (worn)
Scrolls
 f - a scroll of identify
 j - a scroll of fog
 k - a scroll of amnesia
Potions
 e - a potion of flight {unknown}
 h - a potion of curing {unknown}
 i - a potion of magic
 l - a potion of mutation {unknown}


   Skills:
 * Level 4.6 Fighting
 * Level 3.5 Maces & Flails
 - Level 3.2 Armour
 - Level 3.2 Shields


You had 3 spell levels left.
You didn't know any spells.
Your spell library contained the following spells:

 Spells                   Type           Power      Damage    Failure   Level
 Static Discharge         Conj/Air       0%         3-3/arc   91%         2
 Lightning Bolt           Conj/Air       0%         1d11      100%        5
 Maxwell's Capacitive Co  Air            0%         ∞         100%        8


Dungeon Overview and Level Annotations

Branches:
Dungeon (2/15)

Altars:

Shops:
D:2 ?

Annotations:
D:2 Terence


Innate Abilities, Weirdness & Mutations

You are immune to sickness and miasma.
Your stone body is resilient. (AC +3)
You are immune to poison.
You resist negative energy. (rN+)
You are resistant to electric shocks. (rElec)
You are resistant to unholy torment.
You are immune to petrification.


Message History

You hit Terence but do no damage.
Terence is moderately wounded.
Terence says, "How do you enjoy it?" Terence hits you with a +0 hand axe.
You hit Terence but do no damage.
Terence is moderately wounded.
Terence closely misses you.
You sock Terence!
Terence is severely wounded.
Terence hits you with a +0 hand axe!
* * * LOW HITPOINT WARNING * * *
Terence barely misses you.
You closely miss Terence.
Terence is severely wounded.
Terence hits you with a +0 hand axe.
* * * LOW HITPOINT WARNING * * *
You hit Terence but do no damage.
Terence is severely wounded.
Terence hits you with a +0 hand axe.
* * * LOW HITPOINT WARNING * * *
You barely miss Terence.
Terence is severely wounded.
Terence hits you but does no damage.
You hit Terence.
Terence is severely wounded.
You block Terence's attack. Terence hits you but does no damage.
You closely miss Terence.
Terence is severely wounded.
Terence hits you with a +0 hand axe.
* * * LOW HITPOINT WARNING * * *
You barely miss Terence.
Terence is severely wounded.
Terence hits you but does no damage.
You hit Terence.
Terence is almost dead.
Terence hits you but does no damage.
You hit Terence but do no damage.
Terence is almost dead.
Terence hits you with a +0 hand axe.
You die...

####)##..###.....>...
#..).##..###....#####
##.####...##......#
####..# #.#.##...##.#
#....## #.#.##...# .#
####....## #.#....#..
.. .........†##
#........#####
~≈~..####..##.......###
~~~~. ##..@@....#. ~~~~
#.$....#...# ..~
#...........# ...
.!..#####.....# .....
.##.... .... .# ..#.
... ## .# ... #


You could see Terence.

Vanquished Creatures
  4 gnolls (D:2)
  An adder (D:2)
  A dart slug (D:1)
  4 bats
  A bat skeleton (D:2)
  A bat zombie (D:2)
  3 endoplasms
  A giant cockroach (D:1)
  4 hobgoblins (D:1)
  3 jackals (D:1)
  2 kobolds (D:1)
  A quokka (D:1)
  6 ball pythons
  2 frilled lizards (D:1)
  3 goblins (D:1)
  A quokka skeleton (D:2)
  A rat (D:1)
39 creatures vanquished.

Vanquished Creatures (others)
  3 withered plants (D:2)
3 creatures vanquished.

Grand Total: 42 creatures vanquished

Notes
Turn   | Place    | Note
-------+----------+-------------------------------------------
     0 | D:1      | greasedhog the Gargoyle Fighter began the quest for the
                  | Orb.
     0 | D:1      | Reached XP level 1. HP: 14/14 MP: 1/1
    81 | D:1      | Reached XP level 2. HP: 11/19 MP: 2/2
   517 | D:1      | HP: 1/20 [ball python (1)]
   951 | D:1      | Reached XP level 3. HP: 24/24 MP: 3/3
  1025 | D:1      | Reached skill level 4 in Fighting
  1293 | D:2      | Found a faded altar of an unknown god.
  1587 | D:2      | Found Peib's Magic Scroll Shop.
  1605 | D:2      | Bought a scroll of identify for 22 gold pieces
  1648 | D:2      | Reached XP level 4. HP: 19/30 MP: 4/4
  1901 | D:2      | Noticed Terence
  1920 | D:2      | HP: 1/30 [Terence/+0 hand axe (1)]
  1923 | D:2      | Slain by Terence

Illustrated notes

Levels and vault maps discovered:
D:1:      minmay_arrival_doors, layout_rooms, bh_walls_and_bars
D:2:      layout_rooms, serial_undead, serial_undead_a, serial_undead_c,
          serial_undead_f, serial_undead_d, serial_shops, shop,
          dreamdust_ecumenical_altar_statues, uniq_terence

Skill      XL: |  1  2  3 |
---------------+----------+-----
Fighting       | 4 |  4.6
Maces & Flails | 3 |  3.5
Armour         | |  3.2
Shields        | |  3.2

Action                   |  1- 3 |  4- 6 || total
-------------------------+-------+-------++-------
Melee: Flail             |   101 |    38 ||   139
  Use: Scroll            |     6 |       ||     6
       Potion            |       |     1 ||     1
Armor: Scale mail        |    54 |    15 ||    69
Dodge: Dodged            |    61 |    20 ||    81
Block: Buckler           |    16 |     5 ||    21
